PBL
ROSWELL INVADERS @ MIAMI BEACH MARLINS
09/21/2049
 
TOP OF THE 1ST
Roswell Invaders batting - Pitching for Miami Beach Marlins : RHP Alexis Sanchez
Pitching: RHP Alexis Sanchez
Batting: LHB Marshall Rives 0-0: Ball
1-0: Ball
2-0: Foul Ball, location: 2F
2-1: Called Strike
2-2: SINGLE (Line Drive, 8LS, EV 105.6 MPH)
Batting: RHB T.J. House 0-0: Grounds into double play, 5-4-3 (Groundball, 56, EV 85.6 MPH)
Batting: RHB Juan Mejia 0-0: Ball
1-0: Ball
2-0: Foul Ball, location: 2F
2-1: Ball
3-1: Foul Ball, location: 2F
3-2: Foul Ball, location: 2F
3-2: SINGLE (Line Drive, 8LS, EV 103.8 MPH)
Batting: LHB Nick Walker 0-0: Ground out 4-3 (Groundball, 4S, EV 90.0 MPH)
Top of the 1st over - 0 runs, 2 hits, 0 errors, 1 left on base; Roswell 0 - Miami Beach 0
BOTTOM OF THE 1ST
Miami Beach Marlins batting - Pitching for Roswell Invaders : RHP Andy Darnell
Pitching: RHP Andy Darnell
Batting: RHB Bill Atley 0-0: Called Strike
0-1: Ball
1-1: Swinging Strike
1-2: Foul Ball, location: 2F
1-2: Ball
2-2: Fly out, F7 (Flyball, 7, EV 88.8 MPH)
Batting: RHB Jim Smallwood 0-0: Ball
1-0: Foul Ball, location: 2F
1-1: Foul Ball, location: 2F
1-2: Foul Ball, location: 2F
1-2: Ball
2-2: Ground out 6-3 (Groundball, 6, EV 108.8 MPH)
Batting: RHB Melvin Nava 0-0: Ball
1-0: Ball
2-0: Swinging Strike
2-1: Called Strike
2-2: Ball
3-2: Foul Ball, location: 2F
3-2: Base on Balls
Batting: SHB Emmet Brickowski 0-0: Ball
1-0: Ball
2-0: Called Strike
2-1: Foul Ball, location: 2F
2-2: Foul Ball, location: 2F
2-2: Ball
3-2: Base on Balls
Melvin Nava to second
Batting: RHB Orlando Melendres 0-0: Swinging Strike
0-1: Foul Ball, location: 2F
0-2: Ball
1-2: Ball
2-2: Ground out 4-3 (Groundball, 4, EV 83.8 MPH)
Bottom of the 1st over - 0 runs, 0 hits, 0 errors, 2 left on base; Roswell 0 - Miami Beach 0
TOP OF THE 2ND
Roswell Invaders batting - Pitching for Miami Beach Marlins : RHP Alexis Sanchez
Batting: RHB Cullen Kelley 0-0: Called Strike
0-1: Ball
1-1: Swinging Strike
1-2: Ball
2-2: Fly out, F8 (Line Drive, 8LS, EV 86.9 MPH)
Batting: LHB Andy Fischer 0-0: Called Strike
0-1: Foul Ball, location: 2F
0-2: Strikes out looking
Batting: RHB Dan Long 0-0: Foul Ball, location: 2F
0-1: Ball
1-1: Ball
2-1: Fly out, F8 (Flyball, 8LM, EV 93.8 MPH)
Top of the 2nd over - 0 runs, 0 hits, 0 errors, 0 left on base; Roswell 0 - Miami Beach 0
BOTTOM OF THE 2ND
Miami Beach Marlins batting - Pitching for Roswell Invaders : RHP Andy Darnell
Batting: LHB Luis Ortegon 0-0: Ball
1-0: Ground out 4-3 (Groundball, 34, EV 88.8 MPH)
Batting: RHB Timo Myers 0-0: Fly out, F9 (Flyball, 9LSF, EV 88.1 MPH)
Batting: RHB Dustin Baker 0-0: Ground out 6-3 (Groundball, 6, EV 85.0 MPH)
Bottom of the 2nd over - 0 runs, 0 hits, 0 errors, 0 left on base; Roswell 0 - Miami Beach 0
TOP OF THE 3RD
Roswell Invaders batting - Pitching for Miami Beach Marlins : RHP Alexis Sanchez
Batting: SHB Sandy Burke 0-0: Called Strike
0-1: Foul Ball, location: 2F
0-2: Fly out, F6 (Popup, 6D, EV 66.9 MPH)
Batting: RHB Shinichi Miyamoto 0-0: Called Strike
0-1: Called Strike
0-2: Foul Ball, location: 2F
0-2: Ball
1-2: Ball
2-2: Ball
3-2: SINGLE (Groundball, 6MD, EV 110.0 MPH)
Batting: LHB Marshall Rives 0-0: Hit by Pitch
Shinichi Miyamoto to second
Batting: RHB T.J. House 0-0: Foul Ball, location: 2F
0-1: Ball
1-1: Called Strike
1-2: Strikes out swinging
Batting: RHB Juan Mejia 0-0: SINGLE (Groundball, 6MD, EV 105.6 MPH)
Shinichi Miyamoto to third
Marshall Rives to second
Batting: LHB Nick Walker 0-0: Ball
1-0: Ground out 4-3 (Groundball, 4S, EV 71.9 MPH)
Top of the 3rd over - 0 runs, 2 hits, 0 errors, 3 left on base; Roswell 0 - Miami Beach 0
BOTTOM OF THE 3RD
Miami Beach Marlins batting - Pitching for Roswell Invaders : RHP Andy Darnell
Batting: RHB Mike Day 0-0: Fly out, F8 (Line Drive, 8RM, EV 96.9 MPH)
Batting: RHB Bill Atley 0-0: Ball
1-0: Ball
2-0: Called Strike
2-1: Swinging Strike
2-2: Strikes out swinging
Batting: RHB Jim Smallwood 0-0: Ball
1-0: Called Strike
1-1: Ball
2-1: Swinging Strike
2-2: Ball
3-2: Strikes out swinging
Bottom of the 3rd over - 0 runs, 0 hits, 0 errors, 0 left on base; Roswell 0 - Miami Beach 0
TOP OF THE 4TH
Roswell Invaders batting - Pitching for Miami Beach Marlins : RHP Alexis Sanchez
Batting: RHB Cullen Kelley 0-0: Ball
1-0: Fly out, F8 (Line Drive, 89M, EV 98.8 MPH)
Batting: LHB Andy Fischer 0-0: Ball
1-0: Ground out U3 (Groundball, 3, EV 81.9 MPH)
Batting: RHB Dan Long 0-0: Called Strike
0-1: Ground out 4-3 (Groundball, 13, EV 93.1 MPH)
Top of the 4th over - 0 runs, 0 hits, 0 errors, 0 left on base; Roswell 0 - Miami Beach 0
BOTTOM OF THE 4TH
Miami Beach Marlins batting - Pitching for Roswell Invaders : RHP Andy Darnell
Batting: RHB Melvin Nava 0-0: Foul Ball, location: 2F
0-1: Ball
1-1: Ball
2-1: Foul Ball, location: 2F
2-2: Ground out 6-3 (Groundball, 6, EV 104.4 MPH)
Batting: SHB Emmet Brickowski 0-0: Called Strike
0-1: Ball
1-1: Foul Ball, location: 2F
1-2: Strikes out swinging
Batting: RHB Orlando Melendres 0-0: Called Strike
0-1: Ball
1-1: Foul Ball, location: 2F
1-2: Foul Ball, location: 2F
1-2: Fly out, F9 (Flyball, 9D, EV 92.5 MPH)
Bottom of the 4th over - 0 runs, 0 hits, 0 errors, 0 left on base; Roswell 0 - Miami Beach 0
TOP OF THE 5TH
Roswell Invaders batting - Pitching for Miami Beach Marlins : RHP Alexis Sanchez
Batting: SHB Sandy Burke 0-0: Ball
1-0: Swinging Strike
1-1: Ball
2-1: Ground out 4-3 (Groundball, 4, EV 80.0 MPH)
Batting: RHB Shinichi Miyamoto 0-0: Called Strike
0-1: Ball
1-1: SOLO HOME RUN (Line Drive, 78XD, EV 103.8 MPH), Distance : 433 ft
Batting: LHB Marshall Rives 0-0: Ball
1-0: Called Strike
1-1: Foul Ball, location: 2F
1-2: Foul Ball, location: 2F
1-2: Ball
2-2: Strikes out swinging
Batting: RHB T.J. House 0-0: Called Strike
0-1: Called Strike
0-2: Strikes out looking
Top of the 5th over - 1 run, 1 hit, 0 errors, 0 left on base; Roswell 1 - Miami Beach 0
BOTTOM OF THE 5TH
Miami Beach Marlins batting - Pitching for Roswell Invaders : RHP Andy Darnell
Batting: LHB Luis Ortegon 0-0: Called Strike
0-1: Ball
1-1: Foul Ball, location: 2F
1-2: Strikes out swinging
Batting: RHB Timo Myers 0-0: Ball
1-0: Ground out 6-3 (Groundball, 56, EV 85.0 MPH)
Batting: RHB Dustin Baker 0-0: Ball
1-0: Called Strike
1-1: Swinging Strike
1-2: Fly out, F4 (Popup, 3D, EV 44.4 MPH)
Bottom of the 5th over - 0 runs, 0 hits, 0 errors, 0 left on base; Roswell 1 - Miami Beach 0
TOP OF THE 6TH
Roswell Invaders batting - Pitching for Miami Beach Marlins : RHP Alexis Sanchez
Batting: RHB Juan Mejia 0-0: Ball
1-0: Called Strike
1-1: Foul Ball, location: 2F
1-2: Ball
2-2: Ball
3-2: Fly out, F7 (Flyball, 78M, EV 93.8 MPH)
Batting: LHB Nick Walker 0-0: Ball
1-0: Fly out, F7 (Flyball, 7, EV 84.4 MPH)
Batting: RHB Cullen Kelley 0-0: Swinging Strike
0-1: Foul Ball, location: 2F
0-2: Strikes out swinging
Top of the 6th over - 0 runs, 0 hits, 0 errors, 0 left on base; Roswell 1 - Miami Beach 0
BOTTOM OF THE 6TH
Miami Beach Marlins batting - Pitching for Roswell Invaders : RHP Andy Darnell
Batting: RHB Mike Day 0-0: Foul Ball, location: 2F
0-1: Called Strike
0-2: Ball
1-2: Strikes out swinging
Batting: RHB Bill Atley 0-0: Ball
1-0: Called Strike
1-1: Ball
2-1: Foul Ball, location: 2F
2-2: Ball
3-2: Base on Balls
Batting: RHB Jim Smallwood 0-0: Ball
1-0: Ball
2-0: Ball
3-0: Base on Balls
Bill Atley to second
Batting: RHB Melvin Nava 0-0: Called Strike
0-1: Ball
1-1: Foul Ball, location: 2F
1-2: Ball
2-2: Ball
3-2: Strikes out swinging
Batting: SHB Emmet Brickowski 0-0: Ball
1-0: Foul Ball, location: 2F
1-1: Ball
2-1: Ground out 4-3 (Groundball, 4, EV 80.6 MPH)
Bottom of the 6th over - 0 runs, 0 hits, 0 errors, 2 left on base; Roswell 1 - Miami Beach 0
TOP OF THE 7TH
Roswell Invaders batting - Pitching for Miami Beach Marlins : RHP Alexis Sanchez
Batting: LHB Andy Fischer 0-0: Foul Ball, location: 2F
0-1: Ball
1-1: Ball
2-1: Swinging Strike
2-2: Ball
3-2: Foul Ball, location: 2F
3-2: Foul Ball, location: 2F
3-2: Strikes out looking
Batting: RHB Dan Long 0-0: SINGLE (Flyball, 7S, EV 89.4 MPH)
Batting: SHB Sandy Burke 0-0: Fly out, F8 (Flyball, 8LXD, EV 92.5 MPH)
Batting: RHB Shinichi Miyamoto 0-0: Ball
1-0: Foul Ball, location: 2F
1-1: Called Strike
1-2: Ball
2-2: Ball
3-2: Foul Ball, location: 2F
3-2: Strikes out swinging
Top of the 7th over - 0 runs, 1 hit, 0 errors, 1 left on base; Roswell 1 - Miami Beach 0
BOTTOM OF THE 7TH
Miami Beach Marlins batting - Pitching for Roswell Invaders : RHP Andy Darnell
Batting: RHB Orlando Melendres 0-0: SINGLE (Groundball, 4MD, EV 98.8 MPH)
Batting: LHB Luis Ortegon 0-0: Sac Bunt to 13 - play at second, runner OUT! 1-6
Pinch Hitting: LHB Henry Huezo 0-0: Ball
1-0: DOUBLE (Flyball, 8RXD, EV 93.1 MPH)
Luis Ortegon to third
Runner from 3rd tries for Home, SAFE, no throw by CF
Batting: RHB Dustin Baker 0-0: SINGLE (Line Drive, 4D, EV 110.0 MPH)
Henry Huezo to third
Runner from 3rd tries for Home, SAFE, throw by RF to home
Batting: RHB Mike Day 0-0: Called Strike
0-1: Swinging Strike
0-2: Strikes out swinging
Batting: RHB Bill Atley 0-0: Ball
1-0: Called Strike
1-1: Ball
2-1: Foul Ball, location: 2F
2-2: Ball
3-2: SINGLE (Line Drive, 4M, EV 97.5 MPH)
Dustin Baker to second
Dustin Baker to third
Pitching: LHP Jayden Spearman
Batting: RHB Jim Smallwood 0-0: Ball
1-0: Swinging Strike
1-1: Foul Ball, location: 2F
1-2: Reached on error, E6 (Groundball, 6, EV 84.4 MPH)
Dustin Baker scores
Bill Atley to second
Batting: RHB Melvin Nava 0-0: Ball
1-0: Foul Ball, location: 2F
1-1: Ball
2-1: Ground out 4-3 (Groundball, 4, EV 80.0 MPH)
Bottom of the 7th over - 3 runs, 4 hits, 1 error, 2 left on base; Roswell 1 - Miami Beach 3
TOP OF THE 8TH
Roswell Invaders batting - Pitching for Miami Beach Marlins : RHP Alexis Sanchez
Now at 3B: Chris Harlow
Pinch Hitting: RHB Hidemitsu Matsuno 0-0: Foul Ball, location: 2F
0-1: Ball
1-1: Foul Ball, location: 2F
1-2: Ball
2-2: Fly out, F8 (Flyball, 8RXD, EV 108.1 MPH)
Pinch Hitting: LHB Ivan Cortez 0-0: Called Strike
0-1: Ground out 6-3 (Groundball, 6MD, EV 106.2 MPH)
Batting: RHB Juan Mejia 0-0: Swinging Strike
0-1: Called Strike
0-2: Ball
1-2: Strikes out swinging
Top of the 8th over - 0 runs, 0 hits, 0 errors, 0 left on base; Roswell 1 - Miami Beach 3
BOTTOM OF THE 8TH
Miami Beach Marlins batting - Pitching for Roswell Invaders : LHP Jayden Spearman
Now at 1B: Hidemitsu Matsuno
Now in CF: Ivan Cortez
Now in RF: Nick Walker
Batting: SHB Emmet Brickowski 0-0: Ball
1-0: Foul Ball, location: 2F
1-1: Ball
2-1: Fly out, F4 (Line Drive, 34, EV 66.9 MPH)
Batting: RHB Orlando Melendres 0-0: Ground out 4-3 (Groundball, 4, EV 106.2 MPH)
Batting: LHB Luis Ortegon 0-0: Foul Ball, location: 2F
0-1: Ball
1-1: Ball
2-1: Ball
3-1: Called Strike
3-2: Ground out 1-3 (Groundball, 13S, EV 71.2 MPH)
Bottom of the 8th over - 0 runs, 0 hits, 0 errors, 0 left on base; Roswell 1 - Miami Beach 3
TOP OF THE 9TH
Roswell Invaders batting - Pitching for Miami Beach Marlins : RHP Alexis Sanchez
Pitching: LHP Doug Whitling
Batting: LHB Nick Walker 0-0: Called Strike
0-1: Fly out, F7 (Flyball, 7, EV 89.4 MPH)
Pinch Hitting: LHB Andrew Moore 0-0: Ball
1-0: Called Strike
1-1: Ball
2-1: Ground out 6-3 (Groundball, 6, EV 94.4 MPH)
Pinch Hitting: RHB Benjie Alejandro 0-0: Ball
1-0: Foul Ball, location: 2F
1-1: Swinging Strike
1-2: Strikes out swinging
Top of the 9th over - 0 runs, 0 hits, 0 errors, 0 left on base; Roswell 1 - Miami Beach 3
Sunday, July 16th , 2023 - OOTP Baseball 24.6 Build 69